 Dungeon Crawl Stone Soup version 0.17.1-3-g152610e (webtiles) character file.

73 Locuples the Cudgeler (level 4, -7/73 HPs)
             Began as an Ogre Berserker on Apr 19, 2016.
             Was a Believer of Trog.
             Mangled by a gnoll
             ... wielding a +0 halberd
              (10 damage)
             ... on level 3 of the Dungeon.
             The game lasted 00:05:45 (1917 turns).

Locuples the Cudgeler (Ogre Berserker)              Turns: 1917, Time: 00:05:45

Health: -7/73      AC:  4    Str: 28    XL:     4   Next: 27%
Magic:  4/4        EV: 10    Int:  6    God:    Trog [**....]
Gold:   170        SH:  0    Dex:  9    Spells: 0 memorised, 3 levels left

rFire  . . .     SeeInvis .     a - +1 mace
rCold  . . .     Clarity  .     b - +0 animal skin
rNeg   . . .     SustAt   .     (no shield)
rPois  .         Gourm    .     (helmet restricted)
rElec  .         Spirit   .     l - +0 cloak
rCorr  .         Warding  .     (gloves unavailable)
rMut   .         Rnd*Tele +     (boots unavailable)
MR     .....                    (no amulet)
Stlth  ..........               (no ring)
                                n - ring of teleportation (curse)

@: berserking, very quick, not resistant to hostile enchantments, extremely
unstealthy
A: unfitting armour, tough skin 1
a: Berserk, Trog's Hand, Burn Spellbooks, Renounce Religion, Evoke Teleportation


You were on level 3 of the Dungeon.
You worshipped Trog.
Trog was pleased with you.
You were hungry.

You visited 1 branch of the dungeon, and saw 3 of its levels.

You collected 170 gold pieces.

Inventory:

Hand Weapons
 a - a +1 mace (weapon)
Armour
 b - a +0 animal skin (worn)
 l - a +0 cloak (worn)
Jewellery
 n - a cursed ring of teleportation (left hand)
Scrolls
 e - 2 scrolls of teleportation
 j - 2 scrolls of identify
 k - 3 scrolls of fear {unknown}
Potions
 d - 3 potions of lignification {unknown}
 f - a potion of cancellation {unknown}
 g - a potion of might {unknown}
Comestibles
 c - 2 bread rations
 h - 4 meat rations
 i - 5 fruits
 m - a slice of pizza
 o - a chunk of flesh


   Skills:
 + Level 4.7 Fighting
 * Level 5.3 Maces & Flails
 + Level 3.4 Dodging


You had 3 spell levels left.
You didn't know any spells.

Dungeon Overview and Level Annotations

Branches:
Dungeon (3/15)

Altars:
Elyvilon
Kikubaaqudgha


Innate Abilities, Weirdness & Mutations

You are too large for most types of armour.
You have tough skin (AC +1).


Message History

You kill the gnoll!
Trog accepts your kill. The gnoll hits you but does no damage.
The gnoll hits you from afar with a halberd of protection!
* * * LOW HITPOINT WARNING * * *
Things that are here:
a club; a dented golden amulet; a gnoll corpse You barely miss the gnoll.
The gnoll hits you with a halberd!
* * * LOW HITPOINT WARNING * * *
The gnoll hits you with a halberd of protection.
* * * LOW HITPOINT WARNING * * *
You closely miss the gnoll. You hit the gnoll but do no damage.
The gnoll barely misses you. The gnoll hits you with a halberd.
* * * LOW HITPOINT WARNING * * *
You hit the gnoll but do no damage. The gnoll closely misses you.
You sock the gnoll!
The gnoll is almost dead.
The gnoll hits you with a halberd!
You die...

#....####.#.........#
#...## # ##.#.#.#.##
#..†# #. .........#
#####...# #.
#.#.#.#.### ......).#
#............#
######..#
#.#.#.#.#.#.# #..#
#...#..###.# ###..#
#gg#.# #.#
#....########@...#
#.#
#.......)......###
#.# #...#########..#
#.# ##.## #..# #.#
#.### #..# #.# #.#..
#..# #.# #.#... #..#
#.# ..<...#### #..#
#.# .........# #..#
#.#


You could see 2 gnolls.

Vanquished Creatures
  2 gnolls (D:3)
  An ooze (D:3)
  A giant gecko (D:2)
  An orc (D:3)
  2 giant cockroaches (D:1)
  8 goblins
  6 hobgoblins
  2 jackals (D:2)
  4 kobolds
  11 bats
  5 giant newts (D:2)
  5 rats
48 creatures vanquished.

Notes
Turn   | Place    | Note
--------------------------------------------------------------
     0 | D:1      | Locuples the Ogre Berserker began the quest for the Orb.
     0 | D:1      | Reached XP level 1. HP: 24/24 MP: 1/1
   348 | D:1      | Reached XP level 2. HP: 30/32 MP: 2/2
   720 | D:1      | Reached XP level 3. HP: 40/40 MP: 3/3
   886 | D:2      | Reached ** piety under Trog
  1229 | D:2      | Reached skill level 5 in Maces & Flails
  1459 | D:2      | Found a white marble altar of Elyvilon.
  1459 | D:2      | Found an ancient bone altar of Kikubaaqudgha.
  1888 | D:3      | Reached XP level 4. HP: 19/49 MP: 4/4
  1915 | D:3      | HP: 3/73 [gnoll/halberd (4)]
  1917 | D:3      | Mangled by a gnoll

Action                   |  1- 3 |  4- 6 || total
-------------------------+-------+-------++-------
Melee: Mace              |   125 |    10 ||   135
Invok: Berserk           |       |     1 ||     1
  Use: Scroll            |     3 |       ||     3
  Eat: Chunk             |     3 |       ||     3
